 Dungeon Crawl Stone Soup version 0.18-a0-1702-gd20c6a5 (webtiles) character file.

1689 HeWhoDoesNotSavescum the Skirmisher (level 8, -7/67 HPs)
             Began as a Mummy Monk on Apr 7, 2016.
             Killed by divine providence
             ... invoked by an orc priest
              (16 damage)
             ... on level 7 of the Dungeon.
             The game lasted 00:11:11 (9096 turns).

HeWhoDoesNotSavescum the Skirmisher (Mummy Monk)    Turns: 9096, Time: 00:11:11

Health: -7/67      AC:  6    Str: 14      XL:     8   Next: 72%
Magic:  8/8        EV: 14    Int:  9      God:
Gold:   213        SH:  0    Dex: 16 (17) Spells: 0 memorised, 7 levels left

rFire  x . .     SeeInvis .       - Unarmed
rCold  + . .     Gourm    .     (no armour)
rNeg   + + +     Faith    .     (no shield)
rPois  ∞         Spirit   .     e - +2 helmet
rElec  .         Dismiss  .     i - +0 cloak
rCorr  .         Reflect  .     m - +1 pair of gloves
SustAt .         Harm     .     (no boots)
MR     ++...                    (no amulet)
Stlth  ++........               (no ring)
                                f - ring of protection from magic

@: very resistant to hostile enchantments, unstealthy
A: no food or potions, fire vulnerability, cold resistance 1, negative energy
resistance 3, torment resistance, unbreathing
a: no special abilities


You were on level 7 of the Dungeon.
You were not hungry.

You visited 1 branch of the dungeon, and saw 7 of its levels.

You collected 430 gold pieces.
You spent 217 gold pieces at shops.


Innate Abilities, Weirdness & Mutations

You do not eat or drink.
Your flesh is vulnerable to fire.
You are immune to poison.
Your flesh is cold resistant.
You are immune to negative energy.
You are immune to unholy pain and torment.
You can survive without breathing.


   Skills:
 - Level 7.4 Fighting
 - Level 4.5 Dodging
 - Level 1.5 Stealth
 + Level 7.2 Unarmed Combat


You had 7 spell levels left.
You didn't know any spells.

Inventory:

Missiles
 a - a throwing net {=f}
Armour
 e - a +2 helmet (worn)
 i - a +0 cloak (worn)
 m - a +1 pair of gloves (worn)
Jewellery
 c - an uncursed ring of protection from fire {unknown}
 f - a ring of protection from magic (left hand)
Scrolls
 b - a scroll of noise {!r}
 d - a scroll of recharging
 g - a scroll of fear {unknown}
 j - a scroll of immolation {!r}
 k - a scroll of blinking
 l - 2 scrolls of fog
 o - a scroll of magic mapping {unknown}

Dungeon Overview and Level Annotations

Branches:
Dungeon (7/15)             Temple (0/1) D:5

Altars:
Dithmenos
Gozag
Okawaru
Pakellas
Qazlal
Sif Muna
Yredelemnul
Zin

Shops:
D:4 !   D:7 ?

Annotations:
D:4 exclusion: 2 downstairs
D:5 Crazy Yiuf
D:6 Prince Ribbit

..▒▒▒▒...........▒▒.▒ ▒......▒
▒▒▒▒▒▒...........▒▒.▒▒▒▒▒......▒▒
▒.....)...............>..........
▒▒▒▒▒▒...▒▒▒......▒▒.▒(▒▒......▒
▒▒▒▒▒▒▒ ▒......▒▒'▒'▒▒......▒ ..▒
▒......∩.....▒......▒ ▒.▒
▒....../.....▒'▒'▒▒▒▒ ▒.▒
▒▒▒▒▒▒▒▒▒5..............
.▒▒▒.▒▒▒▒▒.oooo†Moh..........▒▒▒▒
....5..▒....▒▒▒▒▒▒O..........▒
▒▒▒▒.▒.▒....▒ ▒......▒▒▒▒▒▒
▒▒▒▒.▒.▒.z..▒ ▒▒▒▒▒..▒
▒...5▒5Y...▒▒ ▒.(▒ ▒.▒▒▒▒▒▒▒▒.▒
▒..▒ ▒.▒▒▒▒▒▒ ▒▒▒ ▒▒.▒▒ ...Y5.5▒
▒Oo▒ ..▒▒▒▒z▒ ▒5h▒▒


You could see an ogre, an orc priest, a shadow imp, 4 orcs and a jackal.


Message History

The orc priest mumbles some strange prayers to Beogh against you!
Beogh smites you!!! * * * don't die
* * * You beat the orc into a bloody pulp!
The orc is lightly wounded!
The orc closely misses you!
The orc priest hits you! * * * don't die
* * * You pulverise the orc priest!
The orc priest is lightly wounded!
The orc barely misses you!
The orc priest hits you but does no damage!
You pulverise the orc priest!
The orc priest is heavily wounded!
The orc hits you with a hand axe! * * * don't die
* * * The orc priest hits you! * * * don't die
* * * The orc priest invokes the aid of Beogh against you!
Beogh smites you!!! * * * don't die
* * * You closely miss the orc priest!
The orc priest is heavily wounded!
The orc priest hits you but does no damage!
The orc misses you!
You pulverise the orc priest!!!
You annihilate the orc priest!!!
You feel your dexterity returning!
The orc priest calls down the wrath of Beogh upon you!
Beogh smites you!!! rip

Action                   |  1- 3 |  4- 6 |  7- 9 || total
-------------------------+-------+-------+-------++-------
Melee: Unarmed           |   161 |   405 |   332 ||   898
  Use: Scroll            |       |       |     8 ||     8
 Stab: Sleeping          |     3 |     5 |     3 ||    11
       Distracted        |       |       |     1 ||     1

Vault maps used:
D:1:      tarquinn_simple_flora_water_d
D:2:      first_bread, kennysheep_crisscross, corexii_shack,
          kennysheep_generic_room_5, uniq_terence, uniq_jessica, uniq_natasha
D:3:      grunt_dithmenos_smoke_and_mirrors, nicolae_gozag_seed_capital,
          yredelemnul_forgotten_temple_becter,
          gammafunk_pakellas_cloud_experiment, uniq_iyjb
D:4:      serial_shops, nicolae_shop_statue_plus
D:5:      minmay_temple_entry_poolview, lemuel_statue_altar,
          uniq_crazy_yiuf_cottage
D:6:      nicolae_overflow_crystal_walls, kennysheep_mini, uniq_prince_ribbit1
D:7:      gammafunk_temple_overflow_wave, serial_shops, shop, roderic_batcave

Notes
Turn   | Place    | Note
--------------------------------------------------------------
     0 | D:1      | HeWhoDoesNotSavescum the Mummy Monk began the quest for the Orb.
     0 | D:1      | Reached XP level 1. HP: 18/18 MP: 1/1
    94 | D:1      | Reached XP level 2. HP: 14/24 MP: 2/2
   659 | D:1      | Reached skill level 4 in Unarmed Combat
   771 | D:1      | Reached XP level 3. HP: 7/29 MP: 3/3
  1111 | D:2      | Noticed Terence
  1988 | D:2      | Noticed Natasha
  1996 | D:2      | Killed Natasha
  1996 | D:2      | Reached XP level 4. HP: 22/35 MP: 4/4
  2179 | D:2      | Noticed Natasha
  2190 | D:2      | HP: 2/35 [Natasha (8)]
  2191 | D:2      | Killed Natasha
  2191 | D:2      | Reached skill level 5 in Unarmed Combat
  2535 | D:2      | Noticed Jessica
  2541 | D:2      | Killed Jessica
  2541 | D:2      | Reached XP level 5. HP: 35/41 MP: 5/5
  2721 | D:1      | Killed Terence
  3480 | D:3      | Reached skill level 3 in Dodging
  3805 | D:3      | Found a basalt altar of Yredelemnul.
  3987 | D:3      | Reached XP level 6. HP: 46/47 MP: 6/6
  4005 | D:3      | Noticed Ijyb
  4023 | D:3      | Killed Ijyb
  4035 | D:3      | Found a shadowy altar of Dithmenos.
  4041 | D:3      | Reached skill level 4 in Dodging
  4042 | D:3      | Found an opulent altar of Gozag.
  4141 | D:3      | Found an oddly glowing altar of Pakellas.
  4142 | D:3      | Noticed a rakshasa
  4504 | D:4      | Found Nagh's Distillery.
  5168 | D:5      | Entered Level 5 of the Dungeon
  5168 | D:5      | Noticed M4edhros's ghost (amateur OpWn)
  5237 | D:4      | Reached skill level 4 in Fighting
  5414 | D:5      | HP: 1/48 [M4edhros's ghost (6)]
  6093 | D:5      | Reached XP level 7. HP: 54/55 MP: 7/7
  6119 | D:5      | Found a staircase to the Ecumenical Temple.
  6210 | D:5      | Reached skill level 5 in Fighting
  6634 | D:5      | Killed M4edhros's ghost
  6634 | D:5      | Reached skill level 6 in Unarmed Combat
  7033 | D:5      | Noticed Crazy Yiuf
  7158 | D:5      | Reached XP level 8. HP: 59/62 MP: 8/8
  7527 | D:5      | Reached skill level 7 in Unarmed Combat
  7973 | D:6      | Found an iron altar of Okawaru.
  8007 | D:6      | Found a deep blue altar of Sif Muna.
  8090 | D:6      | Noticed Prince Ribbit
  8183 | D:7      | Found a glowing silver altar of Zin.
  8183 | D:7      | Found a stormy altar of Qazlal.
  8208 | D:7      | Reached skill level 6 in Fighting
  8397 | D:7      | Found Nytagal's Magic Scroll Boutique.
  8401 | D:7      | Bought a scroll of identify for 28 gold pieces
  8401 | D:7      | Bought a scroll of enchant armour for 105 gold pieces
  8405 | D:7      | Bought 3 scrolls of identify for 84 gold pieces
  8673 | D:7      | Reached skill level 7 in Fighting
  9096 | D:7      | Killed from afar by an orc priest

Vanquished Creatures
  The ghost of M4edhros the Shooter, an amateur OpWn (D:5)
  An ice beast (D:5)
  2 centaurs
  4 howler monkeys
  8 wights
  2 jellies (D:7)
  3 crimson imps
  A quasit (D:7)
  3 centaur skeletons
  A hound (D:5)
  2 orc priests
  Jessica (D:2)
  An orc wizard (D:5)
  Ijyb (D:3)
  Natasha (twice) (D:2)
  Terence (D:1)
  3 worker ants
  A killer bee zombie (D:7)
  A worker ant zombie (D:5)
  9 adders
  An adder skeleton (D:5)
  5 worms
  A dart slug (D:1)
  3 giant geckos
  8 orcs
  4 giant cockroaches
  8 goblins
  13 hobgoblins
  21 jackals
  9 kobolds
  A quokka (D:3)
  A ball python skeleton (D:4)
  14 bats
  5 giant newts
  8 rats
  A spectral orc (D:3)
151 creatures vanquished.
